 Dungeon Crawl Stone Soup version 0.27.1-1-g398f81649c (webtiles) character file.

Game seed: 3442474560700278668

16 acemry the Changer (level 2, -3/18 HPs)
             Began as an Octopode Transmuter on Sept 7, 2021.
             Slain by a hobgoblin (4 damage)
             ... on level 1 of the Dungeon.
             The game lasted 00:00:36 (367 turns).

acemry the Changer (Octopode Transmuter)             Turns: 367, Time: 00:00:36

Health: -3/18      AC:  1    Str:  9    XL:     2   Next: 54%
Magic:  4/5        EV: 13    Int: 15    God:
Gold:   16         SH:  0    Dex: 12    Spells: 4/5 levels left

rFire    . . .     SeeInvis .     - Unarmed
rCold    . . .     Faith    .   (no shield)
rNeg     . . .     Spirit   .   (helmet currently unavailable)
rPois    .         Reflect  .   (no amulet)
rElec    .         Harm     .   (no ring)
rCorr    .         Rampage  .   (no ring)
Will     .....                  (no ring)
Stlth    ++........             (no ring)
HPRegen  0.06/turn              (no ring)
MPRegen  0.09/turn              (no ring)
                                (no ring)
                                (no ring)

@: appendages
A: tentacle spike 3, almost no armour, amphibious, 8 rings, camouflage 1,
gelatinous body 1, (nimble swimmer 1), tentacles
a: End Transformation


You were on level 1 of the Dungeon.
One of your tentacles had grown a beastly spike.
You visited 1 branch of the dungeon, and saw 1 of its levels.

You collected 16 gold pieces.

Inventory:

Scrolls
 a - a scroll of enchant armour {unknown}
 b - a scroll of identify {unknown}
Potions
 c - a potion of resistance {unknown}


   Skills:
 - Level 1.0 Fighting
 - Level 2.0 Dodging
 - Level 3.0 Unarmed Combat
 - Level 2.0 Spellcasting
 + Level 3.1 Transmutations


You had 4 spell levels left.
You knew the following spells:

 Your Spells              Type           Power      Damage    Failure   Level
a - Beastly Appendage     Tmut           20%        N/A       6%          1

Your spell library contained the following spells:

 Spells                   Type           Power      Damage    Failure   Level
 Wereblood                Tmut           10%        N/A       10%         2
 Spider Form              Tmut/Pois      3%         N/A       34%         3
 Ice Form                 Ice/Tmut       6%         N/A       75%         4


Dungeon Overview and Level Annotations

Branches:
Dungeon (1/15)

Altars:

Annotations:
D:1 1 runed translucent door


Innate Abilities, Weirdness & Mutations

One of your tentacles has grown a beastly spike.
You cannot wear most types of armour.
You are amphibious.
You can wear up to eight rings at the same time.
Your skin changes colour to match your surroundings (Stealth+).
Your rubbery body absorbs attacks. (AC +1, EV +1)
((You are camouflaged near water. (Stealth+)))
You have tentacles for arms and can constrict up to eight enemies at once.


Message History

You miss the quokka.
The goblin shouts!
Your grab misses the quokka.
You hear a shout!
The quokka bites you.
* * * LOW HITPOINT WARNING * * *
You tentacle-slap the quokka.
You kill the quokka!
Your Transmutations skill increases to level 3!
A hobgoblin comes into view.
Your transformation is almost over.
The hobgoblin moves out of view.
A ball python comes into view.
You see here a jackal corpse.
The ball python hisses angrily.
You tentacle-slap the goblin.
You kill the goblin!
Things that are here:
a +0 dagger; a goblin corpse
Things that are here:
a +0 dagger; a goblin corpse Your tentacle spike disappears.
The ball python bites you but does no damage.
The ball python grabs you. The ball python constricts you.
You tentacle-slap the ball python.
You kill the ball python!
You are too injured to fight recklessly!
The hobgoblin closely misses you.
Casting: Beastly Appendage (safe; 6% risk of failure)
Confirm with . or Enter, or press ? or * to list all spells.
One of your tentacles grows a vicious spike.
The hobgoblin hits you.
* * * LOW HITPOINT WARNING * * *
Unknown command.
You closely miss the hobgoblin. You grab the hobgoblin.
You pierce the hobgoblin.
The hobgoblin is almost dead.
You constrict the hobgoblin, but do no damage.
The hobgoblin hits you.
You die...

### ... . .. .. ..
g.. #####.# .. #
...#.#.#.#.
#.#######.#.......
#..@g).†........#
#########.#.......
..........#.[...##
##.....###.....#
#.....# #.#.###
#.....# #.#.#
#.....###.#.##
#.......#....#
#.......#....#


You could see a hobgoblin.

Vanquished Creatures
  A ball python (D:1)
  An endoplasm (D:1)
  A giant cockroach (D:1)
  A goblin (D:1)
  A hobgoblin (D:1)
  3 jackals (D:1)
  A kobold (D:1)
  A quokka (D:1)
  2 bats (D:1)
  A frilled lizard (D:1)
13 creatures vanquished.

Notes
Turn   | Place    | Note
-------+----------+-------------------------------------------
     0 | D:1      | acemry the Octopode Transmuter began the quest for the Orb.
     0 | D:1      | Reached XP level 1. HP: 13/13 MP: 3/3
     2 | D:1      | Found a runed translucent door.
     4 | D:1      | Noticed a jelly
   340 | D:1      | Reached XP level 2. HP: 11/18 MP: 5/5
   367 | D:1      | Slain by a hobgoblin

Illustrated notes

Levels and vault maps discovered:
D:1:      dpeg_arrival_caged_fury, layout_basic

Skill      XL: |  1  2 |
---------------+-------+-----
Transmutations | 3 |  3.1
Fighting       | |  1.0
Dodging        | |  2.0
Unarmed Combat | |  3.0
Spellcasting   | |  2.0

Action                   || total
-------------------------++-------
Melee: Unarmed           ||    26
       Kick              ||     8
       Constrict         ||     6
       Tentacles         ||     3
 Cast: Beastly Appendage ||     7
 Stab: Sleeping          ||     1
Armor: Skin              ||     4
Dodge: Dodged            ||    13
